 Dungeon Crawl Stone Soup version 0.23.2-30-g0e89c35649 (webtiles) character file.

Game seed: 2066297891702168867

64 lepoulpe303 the Grave Robber (level 3, -1/31 HPs)
             Began as a Deep Dwarf Necromancer on June 18, 2019.
             Slain by Crazy Yiuf
             ... wielding a +4 quarterstaff of chaos
              (13 damage)
             ... on level 2 of the Dungeon.
             The game lasted 00:10:33 (2442 turns).

lepoulpe303 the Grave Robber (DDNe)                 Turns: 2442, Time: 00:10:34

Health: -1/31      AC:  3    Str: 11    XL:     3   Next: 91%
Magic:  1/6        EV: 13    Int: 16    God:
Gold:   142        SH:  0    Dex: 13    Spells: 1/6 levels left

rFire    . . .     SeeInvis .   g - staff of conjuration {!a}
rCold    . . .     Gourm    .   (no shield)
rNeg     . . .     Faith    .   n - +0 robe (curse)
rPois    .         Spirit   .   (no helmet)
rElec    .         Reflect  .   (no cloak)
rCorr    .         Harm     .   (no gloves)
MR       .....                  c - +0 pair of boots
Stlth    ++........             (no amulet)
HPRegen  0.00/turn              (no ring)
MPRegen  0.10/turn              (no ring)

@: very slightly contaminated, non-regenerating
A: damage resistance, heal wounds, sense surroundings 1, no regeneration
a: Heal Wounds


You were on level 2 of the Dungeon.
You were not hungry.

You visited 1 branch of the dungeon, and saw 2 of its levels.

You collected 142 gold pieces.

Inventory:

Missiles
 j - 8 poisoned needles
 p - 6 javelins
 Q - 26 stones (quivered)
Armour
 a - a +0 robe
 c - a +0 pair of boots (worn)
 n - a cursed +0 robe (worn)
Magical Staves
 g - an uncursed staff of conjuration (weapon) {!a}
Scrolls
 b - a scroll of teleportation {unknown}
 d - 2 scrolls of remove curse {unknown}
 h - a scroll of amnesia {unknown}
 i - a scroll of immolation {unknown}
 l - a scroll of identify {unknown}
Potions
 f - a potion of degeneration {unknown}
 m - a potion of heal wounds {unknown}
 o - a potion of resistance {unknown}
Comestibles
 e - 3 rations
 k - 8 chunks of flesh


   Skills:
 + Level 1.1 Fighting
 + Level 0.1 Staves
 + Level 2.8 Dodging
 + Level 3.2 Stealth
 * Level 2.3 Spellcasting
 * Level 4.7 Necromancy


You had one spell level left.
You knew the following spells:

 Your Spells              Type           Power        Failure   Level  Hunger
a - Pain                  Necr           ###.         2%          1    #......
x - Vampiric Draining     Necr           ###.......   9%          3    ###....
A - Animate Skeleton      Necr           N/A          2%          1    #......

Your spell library contained the following spells:

 Spells                   Type           Power        Failure   Level  Hunger
 Animate Dead             Necr           N/A          28%         4    #####..
 Regeneration             Chrm/Necr      Unusable     N/A         3    N/A

Dungeon Overview and Level Annotations

Branches:
Dungeon (2/15)

Altars:
Gozag
Yredelemnul

Annotations:
D:2 Crazy Yiuf


Innate Abilities, Weirdness & Mutations

You are resistant to damage.
You can heal yourself by infusing magical energy.
You passively map a small area around you.
You do not regenerate.


Message History

Crazy Yiuf hits you with a +4 quarterstaff of chaos!
You take 8 damage, and have 22/31 hp.
MASSIVE DAMAGE!!
You now have 5/6 mp.
Aim: Crazy Yiuf, wielding a +4 quarterstaff of chaos and wearing a +0 cloak of invisibility (moderately wounded, fast)
You feel life coursing into your body.
Crazy Yiuf laughs, "Citrus!"
Crazy Yiuf hits you with a +4 quarterstaff of chaos!
* * * LOW HITPOINT WARNING * * *
You take 10 damage, and have 12/31 hp.
MASSIVE DAMAGE!!
You now have 2/6 mp.
You don't have enough magic to cast that spell.
Aim: Crazy Yiuf, wielding a +4 quarterstaff of chaos and wearing a +0 cloak of invisibility (heavily wounded, fast, chance to defeat MR: 82%)
You miscast Pain.
You are very lightly contaminated with residual magic.
Nothing appears to happen.
* * * LOW MAGIC WARNING * * *
Crazy Yiuf hits you with a +4 quarterstaff of chaos!
You die...

#.####################
..# .## Z####
..(.##### ###.#...#
#.<...##♣♣ ###
#####......♣♣ ♣♣#..)#
.....)<.....♣♣♣♣@g...#
.####........♣..♣#...#
Z## #.......♣.♣♣♣ ###
.Z# ######♣♣♣♣♣ #.##
#..########
##.##.....#
>..##.....#
...##.....####


You could see Crazy Yiuf.

Levels and vault maps discovered:
D:1:      nzn_arrival_settlement, layout_basic, grunt_decor_fettered,
          minmay_misc_feat_rows
D:2:      kb_forest_paths, layout_rooms, nicolae_gozag_seed_capital,
          lemuel_coloured_pillars_altar, first_ration, serial_curves,
          eino_curves_03, eino_curves_04, eino_curves_03,
          uniq_crazy_yiuf_cottage

Notes
Turn   | Place    | Note
-------+----------+-------------------------------------------
     0 | D:1      | lepoulpe303 the Deep Dwarf Necromancer began the quest for
                  | the Orb.
     0 | D:1      | Reached XP level 1. HP: 15/15 MP: 3/3
    77 | D:1      | lepoulpe303: !whichgod ddne
    77 | D:1      | meem: 27 recent wins for ddne: 21x Makhleb, 3x Ru,
                  | Ashenzari, Cheibriados, Nemelex Xobeh
   452 | D:1      | Reached XP level 2. HP: 24/24 MP: 0/4
   457 | D:1      | Learned a level 1 spell: Animate Skeleton
   649 | D:1      | Identified a +0 club
   649 | D:1      | Identified a +0 club
   739 | D:1      | Reached skill level 2 in Spellcasting
  1346 | D:1      | Identified a +0 pair of boots (You found it on level 1 of
                  | the Dungeon)
  1368 | D:2      | Identified a +0 club
  1689 | D:2      | Found an opulent altar of Gozag.
  1776 | D:2      | Reached skill level 3 in Stealth
  1776 | D:2      | Reached XP level 3. HP: 28/30 MP: 1/6
  1784 | D:2      | Learned a level 3 spell: Vampiric Draining
  1834 | D:2      | Reached skill level 1 in Fighting
  1903 | D:2      | Identified a +0 club
  2072 | D:2      | Identified a cursed +0 robe (You found it on level 2 of the
                  | Dungeon)
  2238 | D:2      | Identified a +0 club
  2329 | D:2      | Found a basalt altar of Yredelemnul.
  2356 | D:2      | Identified a +0 dagger
  2433 | D:2      | Found a runed translucent door.
  2434 | D:2      | Identified a +4 quarterstaff of chaos
  2434 | D:2      | Identified a +0 cloak of invisibility
  2434 | D:2      | Noticed Crazy Yiuf
  2442 | D:2      | Slain by Crazy Yiuf

Table legend:
 A = Turns spent in this place as a percentage of turns spent in the entire game.
 B = Non-inter-level travel turns spent in this place as a percentage of non-inter-level travel turns spent in the entire game.
 C = Inter-level travel turns spent in this place as a percentage of turns spent in this place.
 D = Turns resting spent in this place as a percentage of non-inter-level travel turns spent in this place.
 E = Turns spent auto-exploring this place as a percentage of non-inter-level travel turns spent in this place.
 F = Non-inter-level travel turns spent in this place divided by the number of levels of this place that you've seen.
                   A       B       C       D       E      F
               +-------+-------+-------+-------+-------+----------------------
         Total | 100.0 | 100.0 |   4.1 |  34.1 |  44.1 | 1171.0
       Dungeon | 100.0 | 100.0 |   4.1 |  34.1 |  44.1 | 1171.0
               +-------+-------+-------+-------+-------+----------------------

Table legend:
 A = Kills in this place as a percentage of kills in entire the game.
 B = Kills by you in this place as a percentage of kills by you in the entire game.
 C = Kills by friends in this place as a percentage of kills by friends in the entire game.
 D = Other kills in this place as a percentage of other kills in the entire game.
 E = Experience gained in this place as a percentage of experience gained in the entire game.
 F = Experience gained in this place divided by the number of levels of this place that you have seen.
                   A       B       C       D       E      F
               +-------+-------+-------+-------+-------+----------------------
         Total | 100.0 | 100.0 |   N/A |   N/A | 100.0 |  46.0
       Dungeon | 100.0 | 100.0 |   N/A |   N/A | 100.0 |  46.0
               +-------+-------+-------+-------+-------+----------------------

Skill      XL: |  1  2  3 |
---------------+----------+-----
Spellcasting   | 2 |  2.3
Stealth        | 3 |  3.2
Fighting       | 1 |  1.1
Staves         | |  0.1
Dodging        | |  2.8
Necromancy     | |  4.7

Action                   || total
-------------------------++-------
Melee: Staff             ||     1
 Cast: Pain              ||    85
       Vampiric Draining ||     5
       Animate Skeleton  ||     3
  Eat: Chunk             ||     7
Armor: Robe              ||     6
Dodge: Dodged            ||    16

Vanquished Creatures
  2 adders (D:2)
  2 worms (D:2)
  A dart slug (D:2)
  8 bats
  2 giant cockroaches
  5 hobgoblins
  4 kobolds
  4 frilled lizards
  5 goblins
  6 rats
39 creatures vanquished.
